 Dungeon Crawl Stone Soup version 0.18.1-48-g4cf74bf (webtiles) character file.

228 Alarkh the Slasher (level 5, 0/38 HPs)
             Began as a Mummy Skald on Sept 13, 2016.
             Slain by an ogre
             ... wielding a +0 giant club
              (20 damage)
             ... on level 3 of the Dungeon.
             The game lasted 00:05:19 (1944 turns).

Alarkh the Slasher (Mummy Skald)                    Turns: 1944, Time: 00:05:20

Health: 0/38       AC:  4    Str: 15    XL:     5   Next: 70%
Magic:  2/8        EV: 11    Int: 13    God:
Gold:   91         SH:  0    Dex: 11    Spells: 3 memorised, 2 levels left

rFire  x . .     SeeInvis .     f - +1 spear (vamp)
rCold  + . .     Gourm    .     b - +0 leather armour
rNeg   + + +     Faith    .     (no shield)
rPois  ∞         Spirit   .     e - +0 helmet
rElec  .         Dismiss  .     (no cloak)
rCorr  .         Reflect  .     (no gloves)
SustAt .         Harm     .     (no boots)
MR     .....                    (no amulet)
Stlth  +.........               (no ring)
                                (no ring)

@: very slightly contaminated, not resistant to hostile enchantments, very
unstealthy
A: no food or potions, fire vulnerability, cold resistance 1, negative energy
resistance 3, torment resistance, unbreathing
a: no special abilities


You were on level 3 of the Dungeon.
You were not hungry.

You visited 1 branch of the dungeon, and saw 3 of its levels.

You collected 91 gold pieces.

Inventory:

Hand Weapons
 a - a +0 falchion
 f - a +1 vampiric spear (weapon)
Armour
 b - a +0 leather armour (worn)
 e - a +0 helmet (worn)
Scrolls
 d - a scroll of remove curse
 g - a scroll of recharging {unknown}
 h - a scroll of teleportation
 i - a scroll of blinking {unknown}
 j - a scroll of noise {unknown}
 k - 2 scrolls of identify {unknown}
 l - a scroll of magic mapping {unknown}
Books
 c - a book of Battle

   Spells                             Type                      Level
   a - Infusion                       Charms                       1
   b - Shroud of Golubria             Charms/Translocation         2
   c - Song of Slaying                Charms                       2
   d - Spectral Weapon                Hexes/Charms                 3
   e - Regeneration                   Charms/Necromancy            3


   Skills:
 - Level 2.0 Fighting
 + Level 5.0 Long Blades
 - Level 0.7 Armour
 - Level 0.7 Dodging
 - Level 2.0 Spellcasting
 - Level 2.4 Charms


You had 2 spell levels left.
You knew the following spells:

 Your Spells              Type           Power        Failure   Level  Hunger
a - Infusion              Chrm           #...         14%         1    N/A
b - Shroud of Golubria    Chrm/Tloc      #.........   30%         2    N/A
c - Spectral Weapon       Hex/Chrm       #.......     65%         3    N/A

Dungeon Overview and Level Annotations

Branches:
Dungeon (3/15)

Altars:
Cheibriados
Dithmenos
Elyvilon
Fedhas
Trog
Vehumet

Annotations:
D:2 Crazy Yiuf


Innate Abilities, Weirdness & Mutations

You do not eat or drink.
Your flesh is vulnerable to fire.
You are immune to poison.
Your flesh is cold resistant.
You are immune to negative energy.
You are immune to unholy pain and torment.
You can survive without breathing.


Message History

You swap places.
The bat barely misses you. The bat hits your spectral weapon.
Attack whom?
Press: ? - help, Dir - move target cursor, f - ogre
Aim: an ogre, wielding a giant club You reach to attack!
You hit the ogre.
You feel better.
The ogre is lightly wounded.
The bat hits your spectral weapon but does no damage.
Your spectral weapon hits the ogre from afar.
The bat hits your spectral weapon but does no damage.
Attack whom?
Press: ? - help, Dir - move target cursor, f/p - ogre
Aim: an ogre, wielding a giant club (moderately wounded)
You hit the ogre.
The ogre is moderately wounded.
The bat closely misses your spectral weapon.
Your spectral weapon hits the ogre!
The bat hits your spectral weapon but does no damage.
The bat hits your spectral weapon. The ogre hits you with a giant club!!
Ouch! That really hurt!
You die...

.....# ######.#
)###.# #......# .#
#.# #.####.# .# #.#
#.# #.#
.###.######.# #.#
............# #.#
..##.######## #.#
..##.# #(# ..##.#
########@# .....#
#......O(### ######
#.######.b.# # #.#
###.# # #O# #.# #
#.# #.# # ######.#
#.# ####......# #.#
........#)########.#


You could see an ogre, a bat and a friendly spectral vampiric spear.

Vanquished Creatures
  A jelly (D:3)
  Natasha (D:3)
  8 adders
  An ooze (D:2)
  2 worms (D:3)
  2 dart slugs (D:1)
  A giant gecko (D:1)
  4 orcs (D:3)
  12 bats
  3 giant cockroaches
  14 goblins
  10 hobgoblins
  8 jackals
  5 kobolds
  2 quokkas (D:2)
  3 giant newts
  7 rats
84 creatures vanquished.

Notes
Turn   | Place    | Note
--------------------------------------------------------------
     0 | D:1      | Alarkh the Mummy Skald began the quest for the Orb.
     0 | D:1      | Reached XP level 1. HP: 16/16 MP: 3/3
    34 | D:1      | Reached skill level 2 in Long Blades
   100 | D:1      | Reached XP level 2. HP: 19/22 MP: 0/5
   308 | D:1      | Reached XP level 3. HP: 27/27 MP: 6/6
   488 | D:2      | Reached skill level 3 in Long Blades
   516 | D:2      | Learned a level 2 spell: Shroud of Golubria
   520 | D:2      | Learned a level 3 spell: Spectral Weapon
   639 | D:2      | Reached XP level 4. HP: 29/33 MP: 7/7
   819 | D:2      | Found a shadowy altar of Dithmenos.
   825 | D:2      | Found a snail-covered altar of Cheibriados.
   825 | D:2      | Found a bloodstained altar of Trog.
   828 | D:2      | Found a radiant altar of Vehumet.
   829 | D:2      | Found a blossoming altar of Fedhas.
   879 | D:2      | Reached skill level 4 in Long Blades
   936 | D:2      | Noticed Crazy Yiuf
  1078 | D:2      | Found a white marble altar of Elyvilon.
  1301 | D:3      | Reached XP level 5. HP: 25/38 MP: 0/8
  1508 | D:3      | Noticed Natasha
  1520 | D:3      | Killed Natasha
  1836 | D:3      | Reached skill level 5 in Long Blades
  1904 | D:3      | Noticed an ogre
  1944 | D:3      | Slain by an ogre

Skill      XL: |  1  2  3  4  5 |
---------------+----------------+-----
Long Blades    | 2 3 4 5 |  5.0
Fighting       | |  2.0
Armour         | |  0.7
Dodging        | |  0.7
Spellcasting   | |  2.0
Charms         | |  2.4

Action                   |  1- 3 |  4- 6 || total
-------------------------+-------+-------++-------
Melee: Falchion          |    46 |       ||    46
       Spear             |   112 |   195 ||   307
 Cast: Infusion          |     4 |     1 ||     5
       Spectral Weapon   |       |     7 ||     7
  Use: Scroll            |       |     2 ||     2
 Stab: Sleeping          |       |     1 ||     1
Armor: Leather armour    |    60 |    80 ||   140
Dodge: Dodged            |    94 |   118 ||   212
